 Dungeon Crawl Stone Soup version 0.18-a0-1784-ga939a68 (webtiles) character file.

527 Laan the Chopper (level 7, -4/52 HPs)
             Began as a Formicid Fighter on Apr 18, 2016.
             Splashed by a jelly's acid (5 damage)
             ... on level 5 of the Dungeon.
             The game lasted 00:08:38 (3084 turns).

Laan the Chopper (Formicid Fighter)                 Turns: 3084, Time: 00:08:38

Health: -4/52      AC: -3    Str: 28    XL:     7   Next: 47%
Magic:  16/16      EV:  6    Int:  7    God:
Gold:   249        SH: 10    Dex: 10    Spells: 0 memorised, 6 levels left

rFire  . . .     SeeInvis +     a - +0 war axe
rCold  . . .     Gourm    .     v - +0 chain mail
rNeg   . . .     Faith    .     c - +0 shield
rPois  .         Spirit   .     (helmet unavailable)
rElec  .         Dismiss  .     (no cloak)
rCorr  .         Reflect  .     (no gloves)
SustAt .         Harm     .     E - +2 pair of boots
MR     .....                    (no amulet)
Stlth  ..........               (no ring)
                                g - ring of magical power

@: mighty, corroded, not resistant to hostile enchantments, extremely unstealthy
A: permanent stasis, dig shafts and tunnels, four strong arms, antennae 3
a: Dig, Shaft Self


You were on level 5 of the Dungeon.
You were not hungry.

You visited 1 branch of the dungeon, and saw 5 of its levels.

You collected 249 gold pieces.

Inventory:

Hand Weapons
 a - a +0 war axe (weapon)
Armour
 c - a +0 shield (worn)
 v - a +0 chain mail (worn)
 E - a +2 pair of boots (worn)
Jewellery
 g - a ring of magical power (left hand)
 F - an uncursed ring of ice
Wands
 r - a wand of digging (8/24)
Scrolls
 k - 3 scrolls of remove curse {unknown}
 l - 3 scrolls of recharging {unknown}
 m - 6 scrolls of identify {unknown}
 t - a scroll of random uselessness {unknown}
 u - 2 scrolls of blinking {unknown}
 x - 2 scrolls of enchant weapon {unknown}
 y - a scroll of enchant armour {unknown}
 B - a scroll of fear {unknown}
Potions
 b - a potion of berserk rage {unknown}
 d - 2 potions of might
 e - a potion of ambrosia {unknown}
 h - 3 potions of curing {unknown}
 i - a potion of haste {unknown}
 j - 2 potions of resistance {unknown}
 n - a potion of brilliance {unknown}
 o - a potion of invisibility {unknown}
 p - 3 potions of heal wounds {unknown}
 q - 2 potions of degeneration {unknown}
 s - a potion of lignification {unknown}
 w - a potion of magic {unknown}
 A - a potion of cancellation {unknown}
Comestibles
 f - 4 bread rations
 z - 4 fruits
 C - a meat ration
 D - a slice of pizza
 G - 2 chunks of flesh


   Skills:
 - Level 3.2 Fighting
 + Level 7.7 Axes
 - Level 3.2 Armour
 - Level 3.6 Shields


You had 6 spell levels left.
You didn't know any spells.

Dungeon Overview and Level Annotations

Branches:
Dungeon (5/15)
 Temple: D:4-7

Altars:
Ashenzari
Fedhas
Makhleb
Ru


Innate Abilities, Weirdness & Mutations

You are under a permanent stasis effect.
You can dig through walls and to a lower floor.
Your four strong arms can wield two-handed weapons with a shield.
You have a pair of large antennae on your head (SInv).


Message History

You are splashed with acid!
The acid corrodes you!
The acid burns!
You hit the jelly but do no damage.
Your hands burn!
You hit the gnoll.
The gnoll is heavily wounded.
You block the gnoll's attack. The jelly hits you.
You are splashed with acid!
The acid burns!
* * * LOW HITPOINT WARNING * * *
Drink which item? (? for menu, Esc to quit)
You feel very mighty all of a sudden. The gnoll hits you with a club!
* * * LOW HITPOINT WARNING * * *
The jelly barely misses you.
You slash the jelly! The acid corrodes you!
Your hands burn!
* * * LOW HITPOINT WARNING * * *
The jelly is severely wounded.
You hit the gnoll but do no damage.
The gnoll is heavily wounded.
You block the gnoll's attack. You block the jelly's attack.
The orc wizard shouts!
You hit the jelly. The acid corrodes you!
Your hands burn!
You die...

....## {.... #####
{..... ..o... ......
#...... ##.......
##........ #########
####....####.
###.).....#####.@g..###
....)............J###
.....)..........###
.....).........##
################


You could see a jelly, an orc wizard and a gnoll.

Vanquished Creatures
  2 phantoms (D:4)
  A scorpion (D:4)
  A howler monkey (D:5)
  A giant frog zombie (D:5)
  An orc wizard (D:5)
  Ijyb (D:2)
  2 worker ants (D:4)
  A worker ant zombie (D:4)
  5 adders
  An adder skeleton (D:4)
  2 worms
  4 dart slugs (D:1)
  4 giant geckos
  4 orcs
  4 bats
  4 giant cockroaches
  7 hobgoblins
  3 quokkas
  A ball python (D:3)
  3 giant newts
  3 goblins (D:3)
  A jackal skeleton (D:4)
  4 kobolds
  6 rats
66 creatures vanquished.

Vanquished Creatures (others)
  A giant newt (D:1)
1 creature vanquished.

Grand Total: 67 creatures vanquished

Notes
Turn   | Place    | Note
--------------------------------------------------------------
     0 | D:1      | Laan the Formicid Fighter began the quest for the Orb.
     0 | D:1      | Reached XP level 1. HP: 18/18 MP: 1/1
    38 | D:1      | Reached XP level 2. HP: 19/24 MP: 2/2
   296 | D:1      | Reached skill level 3 in Axes
   402 | D:1      | Reached XP level 3. HP: 29/29 MP: 3/3
   697 | D:2      | Found a blossoming altar of Fedhas.
   716 | D:2      | Found a sacrificial altar of Ru.
   759 | D:2      | Reached skill level 4 in Axes
   759 | D:2      | Reached XP level 4. HP: 25/35 MP: 4/4
  1015 | D:2      | Noticed Ijyb
  1026 | D:2      | Killed Ijyb
  1413 | D:3      | Reached XP level 5. HP: 29/41 MP: 5/5
  1599 | D:3      | Reached skill level 5 in Axes
  2166 | D:4      | Noticed a phantom
  2172 | D:4      | Found a shattered altar of Ashenzari.
  2187 | D:4      | Reached XP level 6. HP: 37/47 MP: 6/6
  2198 | D:4      | Killed a phantom
  2198 | D:4      | Reached skill level 6 in Axes
  2378 | D:4      | Noticed a phantom
  2410 | D:4      | Killed a phantom
  2410 | D:4      | Reached skill level 7 in Axes
  2410 | D:4      | Reached XP level 7. HP: 33/52 MP: 7/7
  2544 | D:4      | Found a burning altar of Makhleb.
  2742 | D:5      | Entered Level 5 of the Dungeon
  3082 | D:5      | HP: 2/52 [gnoll/club (7)]
  3084 | D:5      | Splashed by a jelly's acid

Vault maps used:
D:1:      dpeg_arrival_erosion, kennysheep_another_room
D:2:      nicolae_ru_awakened_eye, first_bread, fedhas_altar_1, uniq_iyjb
D:4:      lemuel_round_altar, old_standard_altar
D:5:      lemuel_doored_altar, tgw_trog, temple_green

Skill      XL: |  1  2  3  4  5  6 |
---------------+-------------------+-----
Axes           | 3 4 5 7 |  7.7
Fighting       | |  3.2
Armour         | |  3.2
Shields        | |  3.6

Action                   |  1- 3 |  4- 6 |  7- 9 || total
-------------------------+-------+-------+-------++-------
Melee: War axe           |    74 |   136 |    44 ||   254
  Use: Potion            |       |       |     1 ||     1
  Eat: Chunk             |       |     5 |     2 ||     7
Armor: Scale mail        |    37 |    20 |       ||    57
       Chain mail        |       |    33 |    27 ||    60
Dodge: Dodged            |    16 |    30 |    14 ||    60
Block: Shield            |    49 |    58 |    19 ||   126
